 Dungeon Crawl Stone Soup version 0.29-a0-520-gc852659d43 (webtiles) character file.

Game seed: 10574331241724115659

57 Bruhh the Grave Robber (level 4, -4/39 HPs)
             Began as an Ogre Necromancer on May 31, 2022.
             Slain by Jessica
             ... wielding a +0 dagger
              (6 damage)
             ... on level 2 of the Dungeon.
             The game lasted 00:01:55 (2188 turns).

Bruhh the Grave Robber (Ogre Necromancer)           Turns: 2188, Time: 00:01:56

Health: -4/39      AC:  3    Str: 12    XL:     4   Next: 0%
Magic:  5/9        EV:  9    Int: 18    God:
Gold:   77         SH:  0    Dex:  9    Spells: 9/10 levels left

rFire   . . .      SeeInvis .   f - +0 short sword
rCold   . . .      Faith    .   (no shield)
rNeg    . . .      Spirit   .   a - +0 robe
rPois   .          Reflect  .   (helmet restricted)
rElec   .          Harm     .   (no cloak)
rCorr   .          Rampage  .   (gloves unavailable)
Will    .....                   (boots unavailable)
Stlth   +.........              (no amulet)
HPRegen 0.13/turn               (no ring)
MPRegen 0.11/turn               (no ring)

@: no status effects
A: large, unfitting armour, tough skin 1, hooves 1, devolution 1
a: no special abilities


You were on level 2 of the Dungeon.
You visited 1 branch of the dungeon, and saw 2 of its levels.

You collected 77 gold pieces.

Inventory:

Hand Weapons
 f - a +0 short sword (weapon)
Armour
 a - a +0 robe (worn)
Scrolls
 c - a scroll of identify {unknown}
 d - 2 scrolls of immolation {unknown}
 g - a scroll of magic mapping {unknown}
Potions
 b - a potion of magic
 e - 2 potions of degeneration {unknown}
 h - a potion of lignification {unknown}
 i - a potion of might {unknown}
 j - a potion of mutation
 k - a potion of haste {unknown}


   Skills:
 - Level 1.7 Dodging
 - Level 1.4 Stealth
 + Level 3.7 Spellcasting
 + Level 4.3 Necromancy


You had 9 spell levels left.
You knew the following spells:

 Your Spells              Type           Power      Damage    Failure   Level
a - Necrotize             Necr           72%        1d7       2%          1

Your spell library contained the following spells:

 Spells                   Type           Power      Damage    Failure   Level
 Vampiric Draining        Necr           18%        2d7       8%          3
 Freeze                   Ice            12%        1d4       16%         1
 Animate Dead             Necr           18%        N/A       26%         4
 Frozen Ramparts          Ice            6%         1d2       41%         3
 Agony                    Necr           18%        N/A       56%         5
 Hailstorm                Conj/Ice       3%         3d3       83%         4


Dungeon Overview and Level Annotations

Branches:
Dungeon (2/15)

Altars:
Wu Jian

Annotations:
D:2 Jessica


Innate Abilities, Weirdness & Mutations

You are too large for most types of armour.
You have tough skin. (AC +1)
You have large cloven feet.
You have hidden genetic defects.


Message History

Okay, then.
Casting: Necrotize (safe; 2% risk of failure)
Confirm with . or Enter, or press ? or * to list all spells.
Aiming: Necrotize (safe; 2% risk of failure)
Press: ? - help, Shift-Dir - straight line, f - Jessica
Aim: Jessica, wielding a +0 dagger and wearing a +0 robe (fast, chance to affect: 83%) Jessica barely resists.
Jessica gestures at you while chanting. Pain shoots through your body!
Jessica hits you with a +0 dagger.
Unknown command.
Casting: Necrotize (safe; 2% risk of failure)
Confirm with . or Enter, or press ? or * to list all spells.
Aiming: Necrotize (safe; 2% risk of failure)
Press: ? - help, Shift-Dir - straight line, f/p - Jessica
Aim: Jessica, wielding a +0 dagger and wearing a +0 robe (fast, chance to affect: 83%) Jessica writhes in agony.
Jessica mumbles something strange.
Jessica hits you with a +0 dagger.
Unknown command.
Unknown command.
Casting: Necrotize (safe; 2% risk of failure)
Confirm with . or Enter, or press ? or * to list all spells.
Aiming: Necrotize (safe; 2% risk of failure)
Press: ? - help, Shift-Dir - straight line, f/p - Jessica
Aim: Jessica, wielding a +0 dagger and wearing a +0 robe (moderately wounded, fast, chance to affect: 83%) Jessica barely resists.
Jessica hits you with a +0 dagger!
* * * LOW HITPOINT WARNING * * *
Jessica hits you with a +0 dagger.
* * * LOW HITPOINT WARNING * * *
Casting: Necrotize (safe; 2% risk of failure)
Confirm with . or Enter, or press ? or * to list all spells.
Aiming: Necrotize (safe; 2% risk of failure)
Press: ? - help, Shift-Dir - straight line, f/p - Jessica
Aim: Jessica, wielding a +0 dagger and wearing a +0 robe (moderately wounded, fast, chance to affect: 83%)
Okay, then.
It was a potion of mutation.
You feel extremely strange.
You feel a hidden malignance growing inside you.
Your feet thicken and deform.
Jessica hits you with a +0 dagger.
You die...

#.#.##.########..##.###
...............>......##
..##.###########..###..#
####.# #.......#
#.######## ##.......##
#........###..#####..##
####........##..##...##..#
..##........##..#.....#..#
#.###..........[@@....#..#
..# ######'##...#.....#..#
### #.##...##?.!##..#
#.########.####..#####..##
#..........# ##........#
#.##....#### ##.....#.#
#.##....###### ####....#
#.##....##...# #..###
#.......##...# ##..#


You could see Jessica (fast).

Vanquished Creatures
  Natasha (D:2)
  An adder (D:2)
  4 bats
  3 endoplasms
  A goblin (D:2)
  3 hobgoblins
  2 quokkas
  3 ball pythons
  3 frilled lizards (D:2)
  2 kobolds
23 creatures vanquished.

Vanquished Creatures (collateral kills)
  A hobgoblin (D:2)
1 creature vanquished.

Grand Total: 24 creatures vanquished

Notes
Turn   | Place    | Note
-------+----------+-------------------------------------------
     0 | D:1      | Bruhh the Ogre Necromancer began the quest for the Orb.
     0 | D:1      | Reached XP level 1. HP: 16/16 MP: 3/3
   815 | D:1      | Reached XP level 2. HP: 24/24 MP: 3/5
   889 | D:1      | Found a faded altar of an unknown god.
  1521 | D:2      | Found an ornate altar of the Wu Jian Council.
  1653 | D:2      | Reached skill level 4 in Necromancy
  1653 | D:2      | Reached XP level 3. HP: 13/31 MP: 0/7
  2024 | D:2      | Noticed Natasha
  2032 | D:2      | Killed Natasha
  2161 | D:2      | Noticed Jessica
  2184 | D:2      | Reached XP level 4. HP: 29/39 MP: 7/9
  2188 | D:2      | Gained mutation: You have hidden genetic defects. [potion
                  | of mutation]
  2188 | D:2      | Gained mutation: You have large cloven feet. [potion of
                  | mutation]
  2188 | D:2      | Slain by Jessica

Illustrated notes

Levels and vault maps discovered:
D:1:      dpeg_arrival_simpleton_a, layout_basic,
          shapermc_ecumenical_altar_ellora
D:2:      layout_basic, basic_altar, chequers_serial_rivers_small_a,
          kennysheep_jessica_study, uniq_jessica, uniq_natasha

Skill      XL: |  1  2 |
---------------+-------+-----
Spellcasting   | 3 |  3.7
Necromancy     | 4 |  4.3
Dodging        | |  1.7
Stealth        | |  1.4

Action                   |  1- 3 |  4- 6 || total
-------------------------+-------+-------++-------
Melee: Unarmed           |    13 |       ||    13
       Short sword       |    24 |       ||    24
 Cast: Necrotize         |    48 |     3 ||    51
  Use: Potion            |       |     1 ||     1
Armor: Robe              |    15 |       ||    15
Dodge: Dodged            |    27 |       ||    27

Table legend: (Time is in decaauts)
 A = Elapsed time spent in this place.
 B = Non-inter-level travel time spent in this place.
 C = Inter-level travel time spent in this place.
 D = Time resting spent in this place.
 E = Time spent auto-exploring this place.
 F = Levels seen in this place.
 G = Mean time per level.
                   A        B        C        D        E       F      G
               +--------+--------+--------+--------+--------+-----+--------+
         Total |   2190 |   2153 |     37 |      0 |   1976 |   2 | 1095.0 |
       Dungeon |   2190 |   2153 |     37 |      0 |   1976 |   2 | 1095.0 |
               +--------+--------+--------+--------+--------+-----+--------+

Top non-repeatable levels by time:
     D:1: 1490 daAuts
     D:2: 700 daAuts
